 Dungeon Crawl Stone Soup version 0.21.0-3-g78d12a8 (webtiles) character file.

516 rjrrt the Cleaver (level 7, -3/56 HPs)
             Began as a Hill Orc Gladiator on Jan 10, 2018.
             Was an Initiate of Makhleb.
             Slain by a troll (4 damage)
             ... on level 5 of the Dungeon.
             The game lasted 00:14:14 (4535 turns).

rjrrt the Cleaver (Hill Orc Gladiator)              Turns: 4535, Time: 00:14:15

Health: -3/56      AC: 10    Str: 19    XL:     7   Next: 20%
Magic:  8/8        EV: 10    Int:  8    God:    Makhleb [......]
Gold:   201        SH:  0    Dex: 12    Spells: 6/6 levels left

rFire    . . .     SeeInvis .   a - +0 war axe
rCold    + . .     Gourm    .   (no shield)
rNeg     . . .     Faith    .   o - +0 scale mail
rPois    .         Spirit   .   c - +0 helmet
rElec    .         Reflect  .   (no cloak)
rCorr    .         Harm     .   y - +2 pair of gloves
MR       .....                  (no boots)
Stlth    ..........             (no amulet)
HPRegen  0.18/turn              l - ring of protection from cold
MPRegen  0.11/turn              (no ring)

@: no status effects
A: no striking features
a: Renounce Religion


You were on level 5 of the Dungeon.
You worshipped Makhleb.
Makhleb was noncommittal.
You were not hungry.

You visited 2 branches of the dungeon, and saw 6 of its levels.

You collected 201 gold pieces.

Inventory:

Hand Weapons
 a - a +0 war axe (weapon)
 k - a +0 flail
 p - a +0 hunting sling of flaming
Missiles
 d - 5 throwing nets (quivered)
 j - 20 sling bullets
Armour
 c - a +0 helmet (worn)
 o - a +0 scale mail (worn)
 y - a +2 pair of gloves (worn)
Jewellery
 l - a ring of protection from cold (left hand)
 n - a +4 ring of strength {unknown}
Wands
 b - a wand of random effects (5)
 w - a wand of acid (3)
Scrolls
 m - a scroll of teleportation
Potions
 e - 3 potions of curing
 g - a potion of mutation
 h - a potion of might
 q - 2 potions of ambrosia
 s - 2 potions of agility
 t - a potion of cancellation {unknown}
 u - a potion of lignification {unknown}
 v - a potion of haste {unknown}
Comestibles
 f - 11 rations
 r - a chunk of flesh


   Skills:
 - Level 2.4 Fighting
 * Level 10.0 Axes
 - Level 1.7 Throwing
 - Level 2.4 Dodging
 + Level 2.5 Invocations


You had 6 spell levels left.
You didn't know any spells.

Dungeon Overview and Level Annotations

Branches:
Dungeon (5/15)             Temple (1/1) D:4

Altars:
Fedhas
Hepliaklqana
Kikubaaqudgha
Makhleb
Qazlal
Sif Muna
Yredelemnul

Annotations:
D:3 deifeln's ghost, amateur GnWn


Message History

The troll barely misses you. x2; The troll claws you.
You hit the troll.
The troll is moderately wounded.
The troll bites you but does no damage. The troll closely misses you.
The troll claws you but does no damage.
You closely miss the troll.
The troll is moderately wounded.
The troll bites you but does no damage. The troll claws you but does no damage.
The troll claws you!
You barely miss the troll.
The troll is moderately wounded.
The troll barely misses you. The troll claws you but does no damage.
The troll claws you!
* * * LOW HITPOINT WARNING * * *
You barely miss the troll.
The troll is moderately wounded.
The troll bites you!
* * * LOW HITPOINT WARNING * * *
The troll claws you but does no damage. The troll claws you.
You die...

#...##.###.###..#
#...##.# #.....!#
#...##.#####.##.#
#..T#.#.........#
##.<#....###.###.####
.%......## ##....#
.#.##.##.###.##### #
##T#.## ##@## #<#
........# ######..#
#..# #..# ...# #.##
..


You could see a troll.

Vanquished Creatures
  Purgy (D:4)
  An ogre (D:4)
  A bullfrog (D:3)
  Jessica (D:2)
  Ijyb (D:3)
  A worker ant (D:5)
  Robin (D:2)
  A worker ant zombie (D:3)
  8 adders
  2 oozes
  A worm (D:4)
  A dart slug (D:3)
  A leopard gecko (D:4)
  8 orcs
  2 ball pythons (D:2)
  3 giant cockroaches
  14 goblins
  12 hobgoblins
  5 jackals
  2 quokkas (D:3)
  5 bats
  3 frilled lizards
  6 kobolds
  9 rats
  A spectral orc (D:4)
91 creatures vanquished.

Notes
Turn   | Place    | Note
-------+----------+-------------------------------------------
     0 | D:1      | rjrrt the Hill Orc Gladiator began the quest for the Orb.
     0 | D:1      | Reached XP level 1. HP: 18/18 MP: 1/1
   119 | D:1      | Reached XP level 2. HP: 25/25 MP: 2/2
   286 | D:1      | Reached skill level 5 in Axes
   398 | D:1      | Reached XP level 3. HP: 21/30 MP: 3/3
   845 | D:2      | Found a stormy altar of Qazlal.
  1178 | D:2      | Reached skill level 6 in Axes
  1576 | D:2      | Noticed Robin
  1579 | D:2      | Noticed Jessica
  1588 | D:2      | Killed Robin
  1588 | D:2      | Reached XP level 4. HP: 37/37 MP: 4/4
  1593 | D:2      | Killed Jessica
  1594 | D:2      | Reached skill level 7 in Axes
  1728 | D:2      | Found a deep blue altar of Sif Muna.
  1788 | D:2      | Reached XP level 5. HP: 42/42 MP: 5/5
  2742 | D:3      | Noticed deifeln's ghost (amateur GnWn)
  2759 | D:3      | Reached skill level 8 in Axes
  2942 | D:3      | Reached XP level 6. HP: 27/50 MP: 6/6
  3153 | D:3      | Found a blossoming altar of Fedhas.
  3162 | D:3      | Noticed Ijyb
  3173 | D:3      | Killed Ijyb
  3173 | D:3      | Reached skill level 9 in Axes
  3891 | D:4      | Found a staircase to the Ecumenical Temple.
  3905 | Temple   | Entered the Ecumenical Temple
  3949 | Temple   | Became a worshipper of Makhleb the Destroyer
  4025 | D:4      | Reached skill level 1 in Invocations
  4153 | D:4      | Found a basalt altar of Yredelemnul.
  4191 | D:4      | Noticed Purgy
  4259 | D:4      | Killed Purgy
  4259 | D:4      | Reached XP level 7. HP: 56/56 MP: 8/8
  4483 | D:5      | Entered Level 5 of the Dungeon
  4497 | D:5      | Reached skill level 10 in Axes
  4522 | D:5      | Noticed a troll
  4535 | D:5      | HP: 1/56 [troll (12)]
  4535 | D:5      | Slain by a troll

Skill      XL: |  1  2  3  4  5  6  7 |
---------------+----------------------+-----
Axes           | 5 6 7 8 9 10 | 10.0
Invocations    | 2 |  2.5
Fighting       | |  2.4
Throwing       | |  1.7
Dodging        | |  2.4

Action                   |  1- 3 |  4- 6 |  7- 9 || total
-------------------------+-------+-------+-------++-------
Melee: War axe           |   136 |   166 |    10 ||   312
Evoke: Wand              |       |    21 |     2 ||    23
  Use: Scroll            |       |     8 |     3 ||    11
  Eat: Chunk             |     2 |     6 |       ||     8
       Ration            |       |     1 |       ||     1
Armor: Leather armour    |    41 |       |       ||    41
       Scale mail        |     4 |    54 |     9 ||    67
Dodge: Dodged            |    85 |    94 |     7 ||   186
